 Dungeon Crawl Stone Soup version 0.32-a0-872-g59262bd (webtiles) character file.

Game seed: 18378197244769760657

91 Mun00t the Digger (level 4, -2/24 HPs)
             Began as a Gargoyle Earth Elementalist on Mar 30, 2024.
             Incinerated by a bombardier beetle (3 damage)
             ... with a burning spray
             ... on level 3 of the Dungeon.
             The game lasted 00:04:34 (2404 turns).

Mun00t the Digger (Gargoyle Earth Elementalist)     Turns: 2404, Time: 00:04:35

Health: -2/24      AC:  6    Str: 12    XL:     4   Next: 57%
Magic:  6/8        EV: 11    Int: 17    God:
Gold:   124        SH:  0    Dex: 10    Spells: 2/9 levels left

rFire   . . .        e - staff of cold
rCold   + . .        (no shield)
rNeg    + . .        a - +0 robe
rPois   ∞            (no helmet)
rElec   +            (no cloak)
rCorr   .            (no gloves)
SInv    .            q - +0 pair of boots
Will    .....        (no amulet)
Stlth   +            (no ring)
HPRegen 0.24/turn    (no ring)
MPRegen 0.11/turn

%: no passive effects
@: on fire, hasted, glowing, very quick
A: sickness immunity, AC +3, negative energy resistance 1, electricity
resistance, torment resistance 1, petrification resistance
a: no special abilities


You were on level 3 of the Dungeon.
You visited 1 branch of the dungeon, and saw 3 of its levels.

You collected 124 gold pieces.

Inventory:

Armour
 a - a +0 robe (worn)
 q - a +0 pair of boots (worn)
Magical Staves
 e - a staff of cold (weapon)
Jewellery
 f - a ring of magical power
Scrolls
 c - a scroll of blinking {unknown}
 g - 3 scrolls of enchant weapon {unknown}
 h - 2 scrolls of poison
 i - a scroll of amnesia {unknown}
 k - a scroll of noise {unknown}
 l - 2 scrolls of identify {unknown}
 n - a scroll of revelation {unknown}
 p - a scroll of fear {unknown}
Potions
 b - a potion of magic
 d - 2 potions of berserk rage {unknown}
 j - a potion of attraction {unknown}
 m - 3 potions of haste
 o - a potion of brilliance {unknown}
 r - a potion of degeneration {unknown}


   Skills:
 - Level 1.5 Dodging
 - Level 2.1 Stealth
 + Level 3.0 Spellcasting
 + Level 2.7 Conjurations
 + Level 4.6 Earth Magic


You had 2 spell levels left.
You knew the following spells:

 Your Spells              Type           Power      Damage    Failure   Level
a - Sandblast             Erth           36%        2d10      2%          1
b - Passwall              Erth           18%        N/A       8%          3
c - Stone Arrow           Conj/Erth      30%        3d8       12%         3

Your spell library contained the following spells:

 Spells                   Type           Power      Damage    Failure   Level
 Brom's Barrelling Bould  Conj/Erth      15%        2d4       36%         4
 Petrify                  Alch/Erth      10%        N/A       54%         4


Dungeon Overview and Level Annotations

Branches:
Dungeon (3/15)

Altars:
Nemelex Xobeh

Annotations:
D:2 1 runed translucent door, Crazy Yiuf


Innate Abilities, Weirdness & Mutations

You are immune to sickness and miasma.
Your stone body is resilient. (AC +3)
You are immune to poison.
You resist negative energy. (rN+)
You are resistant to electric shocks. (rElec)
You are resistant to unholy torment.
You are immune to petrification.


Message History

The blast of sand hits the bombardier beetle but does no damage.
A ball python comes into view.
Aiming: Sandblast (safe; 2% risk of failure)
Press: ? - help, Q - select action Shift-Dir - straight line, f/p - bombardier beetle
Aim: a bombardier beetle (89% to hit)
The blast of sand hits the bombardier beetle.
The bombardier beetle is lightly wounded.
The ball python hisses angrily.
The bombardier beetle sprays incendiary fluid at you.
The burning spray hits you.
You are covered in liquid fire!
Aiming: Sandblast (safe; 2% risk of failure)
Press: ? - help, Q - select action Shift-Dir - straight line, f/p - bombardier beetle
Aim: a bombardier beetle (lightly wounded, 89% to hit)
The blast of sand hits the bombardier beetle!
The bombardier beetle is severely wounded.
The liquid fire burns you!
A ribbon worm comes into view.
The air fills with toxic fumes!
As you read the scroll of poison, it crumbles to dust.
The liquid fire burns you!
The bombardier beetle sprays incendiary fluid at you.
The burning spray hits you.
You are even more covered in liquid fire!
You shake off some of the fire as you move.
The liquid fire burns you!
You shake off some of the fire as you move.
The liquid fire burns you!
You shake off some of the fire as you move.
The liquid fire burns you!
* * * LOW HITPOINT WARNING * * *
The bombardier beetle sprays incendiary fluid at you.
The burning spray misses you.
You shake off some of the fire as you move.
The liquid fire burns you!
* * * LOW HITPOINT WARNING * * *
Okay, then.
It was a potion of haste.
You feel yourself speed up. The liquid fire burns you!
You die...

#......#
#########......#
.........####+##
.........# ##.#
.........###..#
.........##..##
.......#...÷.#####
......###..#...§☼#
.....#'#'#..####@#
....###.###..# #§#
...###._.###.###§##
....###.###..##§§§#
.....#####..###§B§#
...#..###..## ##S##
.......#...# #.#
...###...#.# §§§
...# ###...# !..


You could see a bombardier beetle and a ball python.

Vanquished Creatures
  4 adders (D:2)
  3 dart slugs
  A ribbon worm (D:2)
  9 endoplasms
  A goblin (D:2)
  2 hobgoblins
  4 jackals
  2 quokkas
  5 ball pythons
  4 bats
  4 frilled lizards
  A kobold (D:2)
  6 rats
46 creatures vanquished.

Notes
Turn   | Place    | Note
-------+----------+-------------------------------------------
     0 | D:1      | Mun00t the Gargoyle Earth Elementalist began the quest for
                  | the Orb.
     0 | D:1      | Reached XP level 1. HP: 10/10 MP: 3/3
   232 | D:1      | Reached XP level 2. HP: 15/15 MP: 3/5
   464 | D:1      | Reached skill level 4 in Earth Magic
  1171 | D:2      | Reached XP level 3. HP: 19/19 MP: 3/6
  1379 | D:2      | You fall into a shaft and drop 1 floor!
  1589 | D:2      | Reached XP level 4. HP: 24/24 MP: 2/8
  1826 | D:2      | Learned a level 3 spell: Passwall
  1833 | D:2      | Found a runed translucent door.
  1838 | D:2      | Learned a level 3 spell: Stone Arrow
  1838 | D:2      | Noticed Crazy Yiuf
  2140 | D:3      | Found a sparkling altar of Nemelex Xobeh.
  2403 | D:3      | HP: 1/24 [burnt (4)]
  2404 | D:3      | Incinerated by a bombardier beetle

Illustrated notes

Levels and vault maps discovered:
D:1:      dpeg_arrival_tiny_d, layout_basic, chequers_serial_rivers_micro_b
D:2:      layout_rooms, minmay_tromino_v2, uniq_crazy_yiuf_cottage
D:3:      layout_basic, nemelex_diamond_rough_becter,
          minmay_overflow_temple_star_hex

Skill      XL: |  1  2  3  4 |
---------------+-------------+-----
Earth Magic    | 4 |  4.6
Conjurations   | 2 |  2.7
Spellcasting   | 3 |  3.0
Dodging        | |  1.5
Stealth        | |  2.1

Action                     |  1- 3 |  4- 6 || total
---------------------------+-------+-------++-------
  Melee: Staff             |     2 |       ||     2
   Cast: Sandblast         |    41 |    18 ||    59
    Use: Scroll            |     1 |     1 ||     2
         Potion            |       |     1 ||     1
 Armour: Robe              |     4 |     1 ||     5
  Dodge: Dodged            |     9 |     2 ||    11

Table legend: (Time is in decaauts)
 A = Elapsed time spent in this place.
 B = Non-inter-level travel time spent in this place.
 C = Inter-level travel time spent in this place.
 D = Time resting spent in this place.
 E = Time spent auto-exploring this place.
 F = Levels seen in this place.
 G = Mean time per level.
                   A        B        C        D        E       F      G
               +--------+--------+--------+--------+--------+-----+--------+
         Total |   2433 |   2372 |     61 |    392 |   1518 |   3 |  811.0 |
       Dungeon |   2433 |   2372 |     61 |    392 |   1518 |   3 |  811.0 |
               +--------+--------+--------+--------+--------+-----+--------+

Top non-repeatable levels by time:
     D:1: 1062 daAuts
     D:2: 887 daAuts
     D:3: 484 daAuts
